 Dungeon Crawl Stone Soup version 0.29.1-1-gd02db6906a (webtiles) character file.

Game seed: 7620438524371547238

1290 Kaiern the Caller (level 8, 0/54 HPs)
             Began as an Octopode Summoner on Oct 5, 2022.
             Shot with an arrow by a centaur (8 damage)
             ... on level 6 of the Dungeon.
             The game lasted 00:27:58 (6359 turns).

Kaiern the Caller (Octopode Summoner)               Turns: 6359, Time: 00:27:58

Health: 0/54       AC:  1    Str:  8    XL:     8   Next: 55%
Magic:  14/14      EV: 14    Int: 19    God:
Gold:   278        SH:  0    Dex: 12    Spells: 3/16 levels left

rFire   . . .      SeeInvis .   p - +0 scythe
rCold   . . .      Faith    .   (shield currently unavailable)
rNeg    . . .      Spirit   .   (helmet restricted)
rPois   .          Reflect  .   (no amulet)
rElec   .          Harm     .   (no ring)
rCorr   .          Rampage  .   (no ring)
Will    .....                   (no ring)
Stlth   +++.......              (no ring)
HPRegen 0.18/turn               (no ring)
MPRegen 0.14/turn               (no ring)
                                (no ring)
                                (no ring)

@: no status effects
A: almost no armour, amphibious, 8 rings, camouflage 1, gelatinous body 1,
(nimble swimmer 1), tentacles
a: no special abilities


You were on level 6 of the Dungeon.
You visited 2 branches of the dungeon, and saw 7 of its levels.

You collected 278 gold pieces.

Inventory:

Hand Weapons
 p - a +0 scythe (weapon)
Wands
 f - a wand of paralysis (2)
 h - a wand of polymorph (11)
 k - a wand of mindburst (17)
 o - a wand of iceblast (10)
Scrolls
 d - a scroll of silence
 e - 4 scrolls of identify
Potions
 a - 2 potions of magic
 b - 3 potions of curing
 c - a potion of invisibility {unknown}
 g - a potion of lignification {unknown}
 i - a potion of heal wounds
 j - a potion of cancellation {unknown}
 l - 2 potions of berserk rage {unknown}
 m - 2 potions of resistance
 n - a potion of brilliance {unknown}


   Skills:
 + Level 4.3 Fighting
 + Level 4.9 Dodging
 - Level 2.6 Stealth
 + Level 4.6 Spellcasting
 + Level 3.7 Hexes
 + Level 6.1 Summonings


You had 3 spell levels left.
You knew the following spells:

 Your Spells              Type           Power      Damage    Failure   Level
a - Summon Small Mammal   Summ           100%       N/A       1%          1
b - Call Imp              Summ           27%        N/A       1%          2
c - Call Canine Familiar  Summ           27%        N/A       3%          3
d - Summon Guardian Gole  Hex/Summ       23%        N/A       4%          3
e - Summon Lightning Spi  Summ/Air       16%        N/A       36%         4

Your spell library contained the following spells:

 Spells                   Type           Power      Damage    Failure   Level
 Beastly Appendage        Tmut           8%         N/A       13%         1
 Necrotise                Necr           16%        1d4       13%         1
 Wereblood                Tmut           4%         N/A       21%         2
 Ozocubu's Armour         Ice            4%         N/A       36%         3
 Spider Form              Tmut/Pois      4%         N/A       36%         3
 Vampiric Draining        Necr           4%         2d6       36%         3
 Agony                    Necr           4%         N/A       98%         5
 Ozocubu's Refrigeration  Ice            2%         4d7       100%        7


Dungeon Overview and Level Annotations

Branches:
Dungeon (6/15)             Temple (1/1) D:4

Altars:
Ashenzari
Dithmenos
Fedhas
Hepliaklqana
Kikubaaqudgha
Makhleb
Nemelex Xobeh
Okawaru
Qazlal
Trog
Uskayaw
Vehumet
Zin
The Shining One

Shops:
D:2 (

Annotations:
D:4 2 transporters


Innate Abilities, Weirdness & Mutations

You cannot wear most types of armour.
You are amphibious.
You can wear up to eight rings at the same time.
Your skin changes colour to match your surroundings (Stealth+).
Your rubbery body absorbs attacks. (AC +1, EV +1)
((You are camouflaged when in or above water. (Stealth+)))
You have tentacles for arms and can constrict up to eight enemies at once.


Message History

a +0 war axe; a +0 chain mail; an orc corpse
Found a stone staircase leading down.
Things that are here:
a +0 dagger; a +0 robe You swap places.
Your shadow imp disappears in a puff of smoke!
An adder comes into view.
You see here 2 pink potions.
Casting: Summon Guardian Golem (dangerous; 4% risk of failure)
Confirm with . or Enter, or press ? or * to list all spells.
You see here 2 pink potions.
You swap places.
You see here 2 pink potions.
Your hound bites the adder!
The adder dies!
You swap places.
l - 2 pink potions You swap places.
You aren't carrying any pieces of jewellery.
You see here an adder corpse.
Found 17 gold pieces.
Found 14 gold pieces.
You now have 278 gold pieces (gained 17).
You swap places.
A centaur comes into view.
The centaur shouts!
The centaur wields a +2 shortbow of flaming.
It bursts into flame!
The centaur shoots an arrow.
The arrow completely misses you.
The centaur shoots an arrow.
The arrow hits you! The arrow burns you.
The centaur shoots an arrow.
The arrow hits you! The arrow burns you.
Found an escape hatch in the floor.
The centaur shoots an arrow.
The arrow hits you! The arrow burns you.
The centaur shoots an arrow.
The arrow misses you. The arrow completely misses your hound.
The centaur shoots an arrow.
The arrow hits you!
* * * LOW HITPOINT WARNING * * *
The arrow burns you.
* * * LOW HITPOINT WARNING * * *
The centaur shoots an arrow.
The arrow hits you!
You die...

.. #....# .####....###
#.# ........... #.#
....#....## .>#
<)))#...... #.#
....>...... ...
....#.##########c#######
.....)..................
.##.#.##########@#
.#..#.#....#...#.#
.#..#>#.##.#$#.#h#
.#..#.#.##.#...#.#
.#.##.#....###.#.#
†#.##.#..#.....#.#
.#.##.#..#.###.#.#
.#.##.#..#.#####.#
.#.......#.......#


You could see a centaur (ally target) and a friendly hound (summoned).

Vanquished Creatures
  A phantom (D:6)
  An orc priest (D:4)
  2 adders
  A dart slug (D:1)
  4 orcs (D:4)
  3 endoplasms
  A giant cockroach (D:3)
  A hobgoblin (D:4)
  A jackal (D:1)
  A quokka (D:1)
  A ball python (D:3)
  3 bats
  A frilled lizard (D:2)
  3 goblins
24 creatures vanquished.

Vanquished Creatures (collateral kills)
  Sigmund (D:3)
  An ogre (D:5)
  A phantom (D:5)
  Blork the orc (D:5)
  2 scorpions (D:4)
  A howler monkey (D:4)
  2 jellies
  2 hounds (D:5)
  An orc priest (D:5)
  An iguana (D:4)
  4 orc wizards
  A mummy (D:5)
  4 adders
  A shadow imp (D:5)
  2 worms
  A dart slug (D:2)
  8 orcs
  3 ball pythons
  6 endoplasms
  A giant cockroach (D:2)
  3 goblins
  3 hobgoblins (D:1)
  4 jackals (D:1)
  3 kobolds (D:1)
  3 quokkas
  A bat (D:1)
  A frilled lizard (D:1)
  2 kobold zombies (D:5)
  2 rats
66 creatures vanquished.

Vanquished Creatures (others)
  An ogre (D:5)
  A gnoll sergeant (D:5)
  2 jellies (D:5)
  3 fungi (D:3)
7 creatures vanquished.

Grand Total: 97 creatures vanquished

Notes
Turn   | Place    | Note
-------+----------+-------------------------------------------
     0 | D:1      | Kaiern the Octopode Summoner began the quest for the Orb.
     0 | D:1      | Reached XP level 1. HP: 11/11 MP: 3/3
   288 | D:1      | Reached XP level 2. HP: 18/18 MP: 1/5
   291 | D:1      | Learned a level 2 spell: Call Imp
   567 | D:1      | Reached skill level 1 in Fighting
   772 | D:1      | Reached XP level 3. HP: 23/23 MP: 3/6
   776 | D:1      | Learned a level 3 spell: Call Canine Familiar
  1131 | D:2      | Reached XP level 4. HP: 23/28 MP: 2/7
  1269 | D:2      | Found Xerghuc's Weapon Shoppe.
  1618 | D:3      | Noticed Sigmund
  2063 | D:3      | Found a faded altar of an unknown god.
  2325 | D:3      | Reached XP level 5. HP: 34/34 MP: 4/9
  2329 | D:3      | Learned a level 3 spell: Summon Guardian Golem
  2550 | D:3      | Killed Sigmund
  2551 | D:3      | Reached skill level 1 in Hexes
  2551 | D:3      | Reached XP level 6. HP: 41/41 MP: 3/10
  2809 | D:4      | Reached skill level 5 in Summonings
  3106 | D:4      | Found a transporter.
  3124 | D:4      | Found a transporter.
  3364 | D:4      | Found a staircase to the Ecumenical Temple.
  3377 | Temple   | Entered the Ecumenical Temple
  4006 | D:4      | Reached XP level 7. HP: 46/46 MP: 8/12
  4846 | D:5      | Entered Level 5 of the Dungeon
  5336 | D:5      | Reached XP level 8. HP: 54/54 MP: 6/14
  5341 | D:5      | Learned a level 4 spell: Summon Lightning Spire
  5777 | D:5      | Noticed Blork the orc
  5793 | D:5      | Killed Blork the orc
  5794 | D:5      | Reached skill level 6 in Summonings
  6359 | D:6      | Shot with an arrow by a centaur

Illustrated notes

Levels and vault maps discovered:
D:1:      lightli_arrival_flooded_house, layout_loops_ring
D:2:      layout_basic, serial_shops, shop
D:3:      layout_basic, shapermc_ecumenical_altar_hornbeckon, uniq_sigmund
D:4:      gammafunk_steamed_eel, layout_basic, minmay_temple_entry_slanted
D:5:      layout_basic, nicolae_ossuary_entry_giza, uniq_blork_the_orc
D:6:      layout_basic, minmay_ruffians, uniq_duvessa
Temple:   eino_temple_water

Skill      XL: |  1  2  3  4  5  6  7  8 |
---------------+-------------------------+-----
Fighting       | 1 2 3 4 |  4.3
Dodging        | 3 4 |  4.9
Spellcasting   | 3 4 |  4.6
Hexes          | 1 2 3 |  3.7
Summonings     | 5 6 |  6.1
Stealth        | |  2.6

Action                   |  1- 3 |  4- 6 |  7- 9 || total
-------------------------+-------+-------+-------++-------
Melee: Unarmed           |     5 |       |       ||     5
       Constrict         |     4 |     7 |     2 ||    13
       Tentacles         |     3 |     4 |     2 ||     9
       Spear             |    17 |    19 |       ||    36
       Dagger            |     2 |       |       ||     2
       Halberd           |       |     9 |    24 ||    33
 Cast: Summon Small Mamm |    24 |    13 |     4 ||    41
       Call Imp          |    11 |    16 |    13 ||    40
       Call Canine Famil |       |     6 |    18 ||    24
       Summon Guardian G |       |       |    10 ||    10
  Use: Scroll            |       |     7 |     1 ||     8
       Potion            |       |     1 |       ||     1
 Stab: Distracted        |       |     1 |     1 ||     2
Armor: Skin              |     5 |     2 |     2 ||     9
Dodge: Dodged            |    20 |    29 |    14 ||    63
